 Dungeon Crawl Stone Soup version 0.27-a0-1066-g29160eaed2 (webtiles) character file.

Game seed: 11267123865396863319

172 Conn the Firebug (level 5, 0/32 HPs)
             Began as an Octopode Fire Elementalist on Apr 24, 2021.
             Was an Initiate of Sif Muna.
             Killed from afar by an orc wizard (12 damage)
             ... with a puff of flame
             ... on level 4 of the Dungeon.
             The game lasted 00:07:20 (3232 turns).

Conn the Firebug (Octopode Fire Elementalist)       Turns: 3232, Time: 00:07:21

Health: 0/32       AC:  1    Str: 14    XL:     5   Next: 53%
Magic:  4/9        EV: 13    Int: 18    God:    Sif Muna [......]
Gold:   138        SH:  0    Dex: 12    Spells: 3/10 levels left

rFire    . . .     SeeInvis .   j - +0 dagger (speed)
rCold    . . .     Faith    .   (no shield)
rNeg     . . .     Spirit   .   (helmet restricted)
rPois    .         Reflect  .   (no amulet)
rElec    .         Harm     .   o - +6 ring of strength
rCorr    .         Rampage  .   (no ring)
Will     .....                  (no ring)
Stlth    +++.......             (no ring)
HPRegen  0.10/turn              (no ring)
MPRegen  0.11/turn              (no ring)
                                (no ring)
                                (no ring)

@: no status effects
A: almost no armour, amphibious, 8 rings, camouflage 1, gelatinous body 1,
(nimble swimmer 1), tentacles
a: Renounce Religion


You were on level 4 of the Dungeon.
You worshipped Sif Muna.
Sif Muna was noncommittal.
You visited 1 branch of the dungeon, and saw 4 of its levels.

You collected 138 gold pieces.

Inventory:

Hand Weapons
 a - a +0 dagger
 j - a +0 dagger of speed (weapon)
Jewellery
 o - a +6 ring of strength (left tentacle)
Scrolls
 b - a scroll of magic mapping {unknown}
 c - a scroll of acquirement {unknown}
 f - 2 scrolls of identify {unknown}
 h - 2 scrolls of amnesia {unknown}
 i - a scroll of noise {unknown}
 k - a scroll of fear {unknown}
 l - a scroll of immolation {unknown}
 m - a scroll of brand weapon {unknown}
 n - a scroll of enchant weapon {unknown}
 q - a scroll of vulnerability {unknown}
 r - a scroll of fog {unknown}
Potions
 d - a potion of brilliance {unknown}
 e - a potion of curing {unknown}
 g - a potion of mutation {unknown}
 p - a potion of lignification {unknown}
 s - 2 potions of resistance {unknown}


   Skills:
 + Level 0.3 Fighting
 + Level 0.3 Short Blades
 + Level 2.2 Dodging
 + Level 4.2 Stealth
 + Level 3.0 Spellcasting
 + Level 2.0 Conjurations
 + Level 4.2 Fire Magic


You had 3 spell levels left.
You knew the following spells:

 Your Spells              Type           Power      Damage    Failure   Level
a - Foxfire               Conj/Fire      56%        2x1d6     4%          1
b - Conjure Flame         Conj/Fire      14%        6-21      14%         3
c - Inner Flame           Hex/Fire       10%        N/A       21%         3

Your spell library contained the following spells:

 Spells                   Type           Power      Damage    Failure   Level
 Corona                   Hex            2%         N/A       16%         1
 Ensorcelled Hibernation  Hex/Ice        4%         N/A       24%         2
 Dazzling Flash           Conj/Hex       12%        N/A       32%         3
 Confusing Touch          Hex            2%         N/A       43%         3
 Tukima's Dance           Hex            2%         N/A       43%         3
 Sticky Flame             Conj/Fire      14%        2d4       41%         4
 Fireball                 Conj/Fire      7%         3d5       77%         5


Dungeon Overview and Level Annotations

Branches:
Dungeon (4/15)
 Temple: D:4-7

Altars:
Cheibriados
Hepliaklqana
Qazlal
Sif Muna
Uskayaw
Yredelemnul


Innate Abilities, Weirdness & Mutations

You cannot wear most types of armour.
You are amphibious.
You can wear up to eight rings at the same time.
Your skin changes colour to match your surroundings (Stealth+).
Your rubbery body absorbs attacks. (AC +1, EV +1)
((You are camouflaged near water. (Stealth+)))
You have tentacles for arms and can constrict up to eight enemies at once.


Message History

You conjure some foxfire!
The orc wizard points at itself and mumbles some strange words.
The orc wizard flickers and vanishes!
Deactivating autopickup; reactivate with Ctrl-A.
The foxfire hits the jelly.
You kill the jelly!
Sif Muna accepts your kill.
Your Spellcasting skill increases to level 3!
Your Conjurations skill increases to level 2!
Unknown command.
Casting: Foxfire (safe; 4% risk of failure)
Confirm with . or Enter, or press ? or * to list all spells.
You conjure some foxfire!
The foxfire hits something.
The foxfire hits something.
The foxfire hits the orc.
The orc is severely wounded.
Unknown command.
Casting: Foxfire (safe; 4% risk of failure)
Confirm with . or Enter, or press ? or * to list all spells.
You miscast Foxfire.
You are very lightly contaminated with residual magic.
Nothing appears to happen.
The orc hits you but does no damage.
Unknown command.
Casting: Foxfire (safe; 4% risk of failure)
Confirm with . or Enter, or press ? or * to list all spells.
You conjure some foxfire!
The foxfire hits something but does no damage.
The foxfire hits something but does no damage.
The orc priest calls down the wrath of Beogh upon you.
Pain shoots through your body!
Unknown command.
Something hits you.
Your magical contamination has completely faded away.
The orc throws a silver boomerang.
The silver boomerang closely misses you.
The orc throws a silver boomerang.
The silver boomerang hits you.
There is an escape hatch in the floor here.
You hear some strange, mumbled words.
A puff of flame appears from out of thin air!
The puff of flame hits you!
You die...

.....#..##.............#
........##.............#
.........#.............#
(......#o#####.##......#
.......#..####'#########
....#####..............
.... #.{o........... ...
#.............. ..
#..@...........
###########.... .... ..
... #####... .. ........
........... ...........
...........


You could see an orc priest and an orc.

Vanquished Creatures
  A jelly (D:4)
  A hound (D:4)
  An iguana (D:4)
  4 adders
  3 orcs
  4 endoplasms
  2 giant cockroaches
  2 goblins
  6 hobgoblins
  4 jackals (D:2)
  A kobold (D:1)
  2 quokkas
  6 ball pythons
  3 bats
  A frilled lizard (D:1)
  4 rats
45 creatures vanquished.

Vanquished Creatures (others)
  150 foxfires
150 creatures vanquished.

Grand Total: 195 creatures vanquished

Notes
Turn   | Place    | Note
-------+----------+-------------------------------------------
     0 | D:1      | Conn the Octopode Fire Elementalist began the quest for the
                  | Orb.
     0 | D:1      | Reached XP level 1. HP: 11/11 MP: 3/3
   164 | D:1      | Reached XP level 2. HP: 10/17 MP: 1/5
   682 | D:1      | Found a faded altar of an unknown god.
  1107 | D:2      | Reached XP level 3. HP: 14/21 MP: 0/6
  1287 | D:2      | Found a basalt altar of Yredelemnul.
  2225 | D:3      | Reached XP level 4. HP: 27/27 MP: 4/7
  2255 | D:3      | Found a shimmering blue altar of Sif Muna.
  2262 | D:3      | Became a worshipper of Sif Muna the Loreminder
  2305 | D:3      | Found a hazy altar of Hepliaklqana.
  2358 | D:3      | Found a snail-covered altar of Cheibriados.
  2358 | D:3      | Found a stormy altar of Qazlal.
  2558 | D:3      | Found a hide-covered altar of Uskayaw.
  2860 | D:4      | Noticed an ogre
  2862 | D:4      | Reached XP level 5. HP: 31/31 MP: 4/9
  2911 | D:3      | Learned a level 3 spell: Conjure Flame
  2915 | D:3      | Learned a level 3 spell: Inner Flame
  3232 | D:4      | Killed from afar by an orc wizard

Illustrated notes

Levels and vault maps discovered:
D:1:      evilmike_arrival_grusome_pit, layout_loops_ring,
          basic_ecumenical_altar
D:2:      layout_rooms, basic_altar, guppyfry_early_lair_pool
D:3:      layout_rooms, worldfamousw_hep_ancestral_shrine,
          nicolae_overflow_crystal_walls, nicolae_uskayaw_dance_hall,
          gammafunk_temple_overflow_elements
D:4:      minmay_chambers_of_twos, layout_basic, kennysheep_pointless_box

Skill      XL: |  1  2  3  4  5 |
---------------+----------------+-----
Stealth        | 3 4 |  4.2
Fire Magic     | 4 |  4.2
Spellcasting   | 3 |  3.0
Conjurations   | 2 |  2.0
Fighting       | |  0.3
Short Blades   | |  0.3
Dodging        | |  2.2

Action                   |  1- 3 |  4- 6 || total
-------------------------+-------+-------++-------
Melee: Dagger            |    13 |     1 ||    14
       Constrict         |     2 |       ||     2
       Tentacles         |     2 |       ||     2
 Cast: Foxfire           |    52 |    30 ||    82
  Use: Scroll            |     1 |       ||     1
 Stab: Sleeping          |     3 |       ||     3
Armor: Skin              |     2 |     2 ||     4
Dodge: Dodged            |    20 |    15 ||    35

Table legend: (Time is in decaauts)
 A = Elapsed time spent in this place.
 B = Non-inter-level travel time spent in this place.
 C = Inter-level travel time spent in this place.
 D = Time resting spent in this place.
 E = Time spent auto-exploring this place.
 F = Levels seen in this place.
 G = Mean time per level.
                   A        B        C        D        E       F      G
               +--------+--------+--------+--------+--------+-----+--------+
         Total |   3230 |   3148 |     82 |    137 |   2279 |   4 |  807.5 |
       Dungeon |   3230 |   3148 |     82 |    137 |   2279 |   4 |  807.5 |
               +--------+--------+--------+--------+--------+-----+--------+

Top non-repeatable levels by time:
     D:2: 1065 daAuts
     D:1: 964 daAuts
     D:3: 830 daAuts
     D:4: 370 daAuts
